[ AOE2 MATCH · #495420115 ]
UnrankedTupi vs Maya
Player's team · LOSS
Rival team · WIN
[ REPLAY ANALYSIS · EXTRACTED FROM THE RECORDED GAME ]
Feudal
11:23
Castle
—
Imperial
—
| APM avg | 95.6 |
| APM peak | 151 |
| eAPM avg | 43.8 |
| Villagers / military | 46 / 14 |
Focus
⚔️ 59.3% · 🌾 40.7%
Skirmisher ×14 · Unknown (2550) ×11
Feudal
9:47
Castle
—
Imperial
—
| APM avg | 70.1 |
| APM peak | 97 |
| eAPM avg | 30.4 |
| Villagers / military | 42 / 18 |
Focus
⚔️ 31.9% · 🌾 68.1%
Archer ×18
Match map
Initial resources + every placement click. Lines = walls · curves = elevation contours. ◆ gold · ⬟ stone · ● berries · ✦ relic · ◌ wall gap
Your base· Open — unwalled flank
Young Carter's base· Open — 4t gap
Smoothed initial terrain · ◌ = detected wall gap · hover for details
Inputs per minute
— SVTT | Альпинист - - Young Carter
Build order — SVTT | Альпинист
111 actions detected in the replay
| 0:00 | Queue | Villager (Male) |
| 0:00 | Queue | Villager (Male) |
| 0:01 | Queue | Villager (Male) |
| 0:01 | Queue | Villager (Male) |
| 0:02 | Build | House |
| 0:03 | Build | House |
| 1:05 | Queue | Villager (Male) |
| 1:19 | Build | Barracks |
| 1:58 | Queue | Villager (Male) |
| 1:58 | Queue | Villager (Male) |
| 2:18 | Queue | Unit 2550 |
| 2:18 | Queue | Unit 2550 |
| 2:29 | Queue | Villager (Male) |
| 2:47 | Build | House |
| 2:53 | Queue | Villager (Male) |
| 2:53 | Queue | Villager (Male) |
| 3:16 | Queue | Villager (Male) |
| 3:16 | Queue | Villager (Male) |
| 3:22 | Build | House |
| 3:49 | Queue | Villager (Male) |
| 4:15 | Queue | Villager (Male) |
| 4:35 | Queue | Unit 2550 |
| 4:45 | Queue | Villager (Male) |
| 4:45 | Queue | Villager (Male) |
| 5:12 | Queue | Villager (Male) |
| 5:12 | Queue | Villager (Male) |
| 5:26 | Build | Outpost |
| 5:31 | Queue | Villager (Male) |
| 5:36 | Build | Settlement |
| 6:00 | Queue | Villager (Male) |
| 6:08 | Build | Outpost |
| 6:20 | Queue | Villager (Male) |
| 6:20 | Queue | Villager (Male) |
| 6:20 | Queue | Villager (Male) |
| 6:22 | Queue | Unit 2550 |
| 6:28 | Queue | Villager (Male) |
| 7:02 | Queue | Villager (Male) |
| 7:02 | Queue | Villager (Male) |
| 7:42 | Queue | Villager (Male) |
| 7:42 | Queue | Villager (Male) |
| 8:04 | Research | Loom |
| 8:04 | Research | Loom |
| 8:25 | Build | Farm |
| 8:27 | Build | Farm |
| 9:13 | Research | Feudal Age |
| 9:13 | Research | Feudal Age |
| 9:24 | Build | Settlement |
| 9:55 | Build | Settlement |
| 10:18 | Build | Farm |
| 10:31 | Build | Outpost |
| 10:40 | Queue | Unit 2550 |
| 10:40 | Queue | Unit 2550 |
| 11:02 | Build | Outpost |
| 11:08 | Queue | Unit 2550 |
| 11:20 | Queue | Villager (Male) |
| 11:23 | Age | Feudal Age |
| 11:30 | Research | Tech 1402 |
| 11:30 | Research | Tech 1402 |
| 11:32 | Research | Double-Bit Axe |
| 11:32 | Research | Double-Bit Axe |
| 11:33 | Research | Horse Collar |
| 11:33 | Research | Horse Collar |
| 11:36 | Build | Farm |
| 11:44 | Queue | Villager (Male) |
| 12:00 | Queue | Unit 2550 |
| 12:00 | Queue | Unit 2550 |
| 12:00 | Queue | Unit 2550 |
| 12:11 | Queue | Villager (Male) |
| 12:11 | Queue | Villager (Male) |
| 12:34 | Queue | Villager (Male) |
| 12:35 | Queue | Villager (Male) |
| 12:38 | Build | Archery Range |
| 12:56 | Queue | Villager (Male) |
| 12:56 | Queue | Villager (Male) |
| 13:14 | Queue | Unit 2550 |
| 13:19 | Queue | Skirmisher |
| 13:19 | Queue | Skirmisher |
| 13:23 | Build | House |
| 13:24 | Build | House |
| 13:48 | Queue | Skirmisher |
| 13:49 | Queue | Skirmisher |
| 14:02 | Queue | Villager (Male) |
| 14:02 | Queue | Villager (Male) |
| 14:02 | Queue | Villager (Male) |
| 14:02 | Queue | Villager (Male) |
| 14:24 | Queue | Skirmisher |
| 14:25 | Queue | Skirmisher |
| 14:25 | Queue | Skirmisher |
| 14:25 | Queue | Skirmisher |
| 14:42 | Build | Blacksmith |
| 14:42 | Queue | Villager (Male) |
| 14:50 | Queue | Villager (Male) |
| 14:54 | Build | House |
| 14:56 | Build | House |
| 14:58 | Research | Town Watch |
| 15:01 | Queue | Villager (Male) |
| 15:02 | Queue | Villager (Male) |
| 15:12 | Queue | Skirmisher |
| 15:20 | Queue | Skirmisher |
| 15:28 | Research | Fletching |
| 15:28 | Research | Fletching |
| 15:30 | Build | House |
| 15:39 | Build | Farm |
| 15:41 | Build | Farm |
| 15:42 | Queue | Villager (Male) |
| 15:43 | Queue | Villager (Male) |
| 15:44 | Queue | Skirmisher |
| 15:44 | Queue | Skirmisher |
| 15:55 | Build | Farm |
| 16:05 | Queue | Skirmisher |
| 16:05 | Queue | Skirmisher |
Build order — Young Carter
108 actions detected in the replay
| 0:00 | Queue | Villager (Male) |
| 0:00 | Queue | Villager (Male) |
| 0:01 | Queue | Villager (Male) |
| 0:04 | Research | Loom |
| 0:06 | Build | House |
| 0:07 | Build | House |
| 0:20 | Queue | Villager (Male) |
| 0:20 | Queue | Villager (Male) |
| 0:20 | Queue | Villager (Male) |
| 1:26 | Build | Lumber Camp |
| 1:30 | Queue | Villager (Male) |
| 2:04 | Queue | Villager (Male) |
| 2:11 | Queue | Villager (Male) |
| 2:43 | Queue | Villager (Male) |
| 3:15 | Queue | Villager (Male) |
| 3:38 | Build | House |
| 3:49 | Queue | Villager (Male) |
| 3:49 | Queue | Villager (Male) |
| 4:11 | Queue | Villager (Male) |
| 4:29 | Queue | Villager (Male) |
| 4:33 | Queue | Villager (Male) |
| 5:13 | Queue | Villager (Male) |
| 5:13 | Queue | Villager (Male) |
| 5:13 | Queue | Villager (Male) |
| 5:27 | Build | Mining Camp |
| 5:45 | Build | Mining Camp |
| 5:55 | Queue | Villager (Male) |
| 6:11 | Queue | Villager (Male) |
| 6:34 | Build | Palisade Wall |
| 6:49 | Build | House |
| 7:12 | Queue | Villager (Male) |
| 7:21 | Build | Barracks |
| 7:36 | Research | Feudal Age |
| 8:04 | Build | Mill |
| 8:06 | Queue | Villager (Male) |
| 8:15 | Build | House |
| 8:20 | Queue | Villager (Male) |
| 8:29 | Build | Palisade Wall |
| 8:30 | Build | Palisade Wall |
| 8:32 | Queue | Villager (Male) |
| 8:38 | Build | House |
| 9:10 | Queue | Villager (Male) |
| 9:23 | Queue | Villager (Male) |
| 9:47 | Age | Feudal Age |
| 9:48 | Build | Archery Range |
| 9:52 | Research | Double-Bit Axe |
| 10:08 | Build | Farm |
| 10:28 | Queue | Archer |
| 10:32 | Build | Farm |
| 10:39 | Queue | Archer |
| 10:49 | Queue | Villager (Male) |
| 10:53 | Build | House |
| 10:55 | Queue | Archer |
| 11:16 | Build | Archery Range |
| 11:18 | Queue | Archer |
| 11:20 | Queue | Villager (Male) |
| 11:26 | Build | Palisade Wall |
| 11:30 | Queue | Villager (Male) |
| 11:41 | Build | Palisade Wall |
| 11:41 | Build | Palisade Wall |
| 11:43 | Build | Palisade Wall |
| 11:45 | Queue | Archer |
| 11:47 | Queue | Archer |
| 11:48 | Queue | Archer |
| 11:50 | Queue | Archer |
| 11:52 | Build | Palisade Wall |
| 11:52 | Build | Palisade Wall |
| 11:53 | Queue | Villager (Male) |
| 12:01 | Build | Palisade Gate |
| 12:07 | Queue | Villager (Male) |
| 12:20 | Queue | Archer ×3 |
| 12:26 | Queue | Villager (Male) |
| 12:48 | Queue | Archer |
| 13:06 | Queue | Villager (Male) |
| 13:08 | Build | Blacksmith |
| 13:13 | Build | House |
| 13:15 | Build | House |
| 13:16 | Build | Palisade Wall |
| 13:16 | Build | Palisade Wall |
| 13:30 | Build | Farm |
| 13:31 | Queue | Villager (Male) |
| 13:42 | Queue | Archer |
| 14:03 | Build | Farm |
| 14:04 | Build | Farm |
| 14:04 | Build | Farm |
| 14:04 | Queue | Villager (Male) |
| 14:08 | Queue | Archer |
| 14:10 | Queue | Villager (Male) |
| 14:24 | Build | Farm |
| 14:26 | Build | House |
| 14:43 | Queue | Villager (Male) |
| 14:46 | Build | House |
| 14:51 | Build | Palisade Wall |
| 15:00 | Research | Fletching |
| 15:03 | Build | Farm |
| 15:05 | Build | Farm |
| 15:08 | Build | Farm |
| 15:25 | Queue | Villager (Male) |
| 15:25 | Queue | Villager (Male) |
| 15:27 | Build | Farm |
| 15:34 | Queue | Archer |
| 15:38 | Build | House |
| 15:41 | Queue | Archer |
| 15:42 | Queue | Archer |
| 15:44 | Queue | Villager (Male) |
| 16:10 | Queue | Archer |
| 16:16 | Research | Padded Archer Armor |
| 16:17 | Queue | Villager (Male) |
Match timeline
| 1:19 | SVTT | Альпинист · first_building Barracks |
| 6:34 | Young Carter · wall_segment Palisade Wall x1 |
| 7:21 | Young Carter · first_building Barracks |
| 8:29 | Young Carter · wall_segment Palisade Wall x1 |
| 8:30 | Young Carter · wall_segment Palisade Wall x1 |
| 9:47 | Young Carter · age_up feudal |
| 9:48 | Young Carter · first_building Archery Range |
| 11:23 | SVTT | Альпинист · age_up feudal |
| 11:26 | Young Carter · wall_segment Palisade Wall x9 |
| 11:41 | Young Carter · wall_segment Palisade Wall x1 |
| 11:41 | Young Carter · wall_segment Palisade Wall x1 |
| 11:43 | Young Carter · wall_segment Palisade Wall x6 |
| 11:52 | Young Carter · wall_segment Palisade Wall x1 |
| 11:52 | Young Carter · wall_segment Palisade Wall x1 |
| 12:38 | SVTT | Альпинист · first_building Archery Range |
| 13:16 | Young Carter · wall_segment Palisade Wall x1 |
| 13:16 | Young Carter · wall_segment Palisade Wall x1 |
| 14:51 | Young Carter · wall_segment Palisade Wall x1 |
| 16:21 | SVTT | Альпинист · resign |
[ AI ANALYSIS · 1 CREDIT ]
What really happened in this match?
Wolo.gg analyzes every decision: build order, eco, micro, common mistakes by bracket. Personalized analysis on WhatsApp or Discord in 30 seconds.
Civ guide
Tupi
Perfil
Jugador #6375678